 Dungeon Sprint DCSS version 0.27-a0-1434-g6f15984924 (webtiles) character file.

Game seed: 2734351936198673331

682 mhtbhm the Cleaver (level 7, -1/75 HPs)
             Began as a Minotaur Berserker on July 3, 2021.
             Was a High Priest of Trog.
             Slain by a cyclops (28 damage)
             ... in the Dungeon (Sprint VII: "The Pits").
             The game lasted 00:00:57 (408 turns).

mhtbhm the Cleaver (Minotaur Berserker)              Turns: 408, Time: 00:00:57

Health: -1/75      AC: 13    Str: 24    XL:     7   Next: 34%
Magic:  6/6        EV: 10    Int:  4    God:    Trog [*****.]
Gold:   0          SH:  0    Dex:  9    Spells: 6/6 levels left

rFire    . . .     SeeInvis .   a - +9 broad axe of Flawed Execution {flame, rElec rN+}
rCold    . . .     Faith    .   (no shield)
rNeg     + . .     Spirit   .   b - +3 chain mail
rPois    .         Reflect  .   (helmet restricted)
rElec    +         Harm     .   (no cloak)
rCorr    .         Rampage  .   (no gloves)
Will     .....     NoTele   +   (no boots)
Stlth    ..........             (no amulet)
HPRegen  0.22/turn              (no ring)
MPRegen  0.10/turn              (no ring)

@: no status effects
A: horns 2, retaliatory headbutt
a: Renounce Religion, Berserk, Trog's Hand, Brothers in Arms


You were in the Dungeon.
You worshipped Trog.
Trog was extremely pleased with you.
You visited 1 branch

Inventory:

Hand Weapons
 a - the +9 broad axe of Flawed Execution (weapon) {flame, rElec rN+}
   (Trog gifted it to you in the Dungeon)

   It has been specially enchanted to burn those struck by it, causing extra
   injury to most foes and up to half again as much damage against particularly
   susceptible opponents.
   Big, fiery blades are also staple armaments of hydra-hunters.
   rElec:     It insulates you from electricity.
   rN:        It protects you from negative energy.
 k - a +3 dire flail of holy wrath
Missiles
 l - a curare-tipped dart (quivered)
Armour
 b - a +3 chain mail (worn)
Scrolls
 h - a scroll of blinking
 j - a scroll of summoning
Potions
 c - 6 potions of curing
 d - 6 potions of heal wounds
 e - a potion of haste
 f - 4 potions of magic
 g - 3 potions of berserk rage
 i - 2 potions of invisibility


   Skills:
 + Level 11.9 Fighting
 + Level 12.4 Axes
 + Level 6.8 Armour
 + Level 6.1 Dodging
 + Level 1.2 Stealth


You had 6 spell levels left.
You didn't know any spells.
Your spell library was empty.

Dungeon Overview and Level Annotations

Branches:
Dungeon (1/1)

Altars:
Cheibriados
Dithmenos
Elyvilon
Fedhas
Gozag
Hepliaklqana
Makhleb
Nemelex Xobeh
Okawaru
Qazlal
Ru
Sif Muna
Trog
Vehumet
Wu Jian
Xom
Yredelemnul
Zin
The Shining One
Beogh
Jiyva
Lugonu


Innate Abilities, Weirdness & Mutations

You have a pair of horns on your head.
You reflexively headbutt those who attack you in melee.


Message History

a +0 war axe; a +0 leather armour; a +0 giant spiked club
Things that are here:
a +0 dagger; a +0 robe; a water moccasin corpse
l - a curare-tipped dart
Items here: )) ††.
You open the door.
A jelly comes into view.
The jelly quivers.
The jelly hits you. The acid corrodes you!
You are splashed with acid!
You slash the jelly!
Your hands burn!
You headbutt the jelly!
The jelly is almost dead.
The jelly hits you but does no damage.
You slash the jelly!
You kill the jelly!
Trog accepts your kill. Something appears at your feet!
You see here the +9 broad axe of Flawed Execution {flame, rElec rN+}.
Trog grants you a weapon!
You feel yourself speed up.
Unknown command.
There is an open door here.
Drop what? 12/52 slots (_ for help) (? for menu, Esc to quit)
You are now empty-handed.
You drop a +2 hand axe.
You see here the +9 broad axe of Flawed Execution {flame, rElec rN+}.
a - the +9 broad axe of Flawed Execution {flame, rElec rN+} The +9 broad axe of Flawed Execution {flame, rElec rN+} bursts into flame!
a - the +9 broad axe of Flawed Execution (weapon)
{flame, rElec rN+}
There is an open door here.
You see here a +2 hand axe.
You start resting.
You are no longer corroded.
You open the door.
A cyclops comes into view.
You recover from your berserk rage.
The cyclops hits you!!
There is an open door, spattered with blood here.
You hit the cyclops. You burn the cyclops. You headbutt the cyclops!
The cyclops is heavily wounded.
The cyclops hits you!!
You die...

#.#..[)))..##.......#
#.#..[)))..##.......#
#'###########.......#
#..).)..# #########
#)###)..# #)#.....#
#.#...#.#+#
#.....#.#C+
#...###.#@#
#.......).#
###########


You could see a cyclops.

Vanquished Creatures
  Edmund (D)
  A floating eye (D)
  A water moccasin (D)
  An ice beast (D)
  An ogre (D)
  A kobold brigand (D)
  A jelly (D)
  An orc priest (D)
  An orc wizard (D)
  A mummy (D)
  A river rat (D)
  4 orcs (D)
  A giant cockroach (D)
  A kobold (D)
  2 frilled lizards (D)
  A jackal zombie (D)
  A rat (D)
21 creatures vanquished.

Notes
Turn   | Place    | Note
-------+----------+-------------------------------------------
     0 | D        | mhtbhm the Minotaur Berserker began the quest for the Orb.
     0 | D        | Reached XP level 1. HP: 19/19 MP: 0/0
     8 | D        | Noticed a floating eye
    13 | D        | Paralysed by a floating eye for 3 turns
    16 | D        | Killed a floating eye
    17 | D        | Reached skill level 7 in Axes
    17 | D        | Reached XP level 2. HP: 34/34 MP: 1/1
    17 | D        | Reached XP level 3. HP: 39/39 MP: 2/2
    17 | D        | Reached XP level 4. HP: 47/47 MP: 3/3
    46 | D        | Found a bloodstained altar of Trog.
    46 | D        | Found a shimmering blue altar of Sif Muna.
    46 | D        | Found a viscous altar of Jiyva.
    46 | D        | Found a hazy altar of Hepliaklqana.
    46 | D        | Found an opulent altar of Gozag.
    60 | D        | Reached skill level 8 in Axes
    64 | D        | Reached ** piety under Trog
    74 | D        | Noticed Edmund
    83 | D        | Killed Edmund
    83 | D        | Reached *** piety under Trog
    84 | D        | Reached skill level 9 in Axes
    84 | D        | Reached skill level 5 in Armour
    84 | D        | Reached XP level 5. HP: 31/57 MP: 4/4
   316 | D        | Found a glowing golden altar of the Shining One.
   316 | D        | Found a glowing silver altar of Zin.
   316 | D        | Found a basalt altar of Yredelemnul.
   316 | D        | Found a shimmering altar of Xom.
   316 | D        | Found an ornate altar of the Wu Jian Council.
   316 | D        | Found a sacrificial altar of Ru.
   316 | D        | Found a stormy altar of Qazlal.
   316 | D        | Found an iron altar of Okawaru.
   316 | D        | Found a sparkling altar of Nemelex Xobeh.
   316 | D        | Found a burning altar of Makhleb.
   316 | D        | Found a blossoming altar of Fedhas.
   316 | D        | Found a white marble altar of Elyvilon.
   316 | D        | Found a shadowy altar of Dithmenos.
   316 | D        | Found a snail-covered altar of Cheibriados.
   317 | D        | Found a radiant altar of Vehumet.
   317 | D        | Found a corrupted altar of Lugonu.
   343 | D        | Noticed an ice beast
   343 | D        | Noticed a water moccasin
   349 | D        | Killed a water moccasin
   349 | D        | Reached **** piety under Trog
   350 | D        | Reached skill level 10 in Fighting
   350 | D        | Reached skill level 10 in Axes
   350 | D        | Reached skill level 5 in Dodging
   350 | D        | Reached XP level 6. HP: 67/67 MP: 5/5
   351 | D        | Killed an ice beast
   352 | D        | Reached skill level 11 in Axes
   352 | D        | Reached skill level 1 in Stealth
   356 | D        | Reached XP level 7. HP: 74/74 MP: 6/6
   360 | D        | Reached ***** piety under Trog
   361 | D        | Reached skill level 12 in Axes
   394 | D        | Identified the +9 broad axe of Flawed Execution {flame,
                  | rElec rN+} (Trog gifted it to you in the Dungeon)
   394 | D        | Received a gift from Trog
   406 | D        | Noticed a cyclops
   408 | D        | Slain by a cyclops

Illustrated notes

Levels and vault maps discovered:
D:        pitsprint [storerooms_1, entrance_room_1, metal_vault_5, armoury_2,
          mini_pit_1, grid_room_1, main_hall_1, silver_pit, the_coven_1,
          the_vestibule_1, steel_vault_1, golden_pit, hallway_of_sentries,
          crystal_vault_2, iron_vault_3, final_vault]

Skill      XL: |  1  2  3  4  5  6  7 |
---------------+----------------------+-----
Fighting       | 7 9 10 11 | 11.9
Axes           | 7 9 10 11 12 | 12.4
Armour         | 4 5 6 |  6.8
Dodging        | 3 4 5 6 |  6.1
Stealth        | 1 |  1.2

Action                   |  1- 3 |  4- 6 |  7- 9 || total
-------------------------+-------+-------+-------++-------
Melee: Hand axe          |     5 |    33 |    11 ||    49
       Headbutt          |     1 |     6 |     5 ||    12
       Broad axe         |       |       |     1 ||     1
Invok: Berserk           |       |     2 |       ||     2
 Stab: Sleeping          |       |     1 |       ||     1
Armor: Chain mail        |       |     4 |     2 ||     6
       Animal skin       |       |     1 |       ||     1
Dodge: Dodged            |       |     7 |     2 ||     9

Table legend: (Time is in decaauts)
 A = Elapsed time spent in this place.
 B = Non-inter-level travel time spent in this place.
 C = Inter-level travel time spent in this place.
 D = Time resting spent in this place.
 E = Time spent auto-exploring this place.
 F = Levels seen in this place.
 G = Mean time per level.
                   A        B        C        D        E       F      G
               +--------+--------+--------+--------+--------+-----+--------+
         Total |    411 |    411 |      0 |    164 |     21 |   1 |  411.0 |
       Dungeon |    411 |    411 |      0 |    164 |     21 |   1 |  411.0 |
               +--------+--------+--------+--------+--------+-----+--------+

Top non-repeatable levels by time:
       D: 411 daAuts
